Description

Calm's TvP 3 Reaper 2 Hellion build

Replay - CalmHorizons-TvP-Hard_Lead_LE_57

Build Order

Get SALT Encoding   

  12  0:00  SCV  
  14  0:17  Supply Depot  
  15  0:39  Barracks  
  16  0:43  Refinery  
  16  0:52  Refinery  
  19  1:26  Reaper  
  19  1:27  Orbital Command  
  19  1:28  Supply Depot  
  20  1:41  Factory  Take 2+1 SCVs off gas
  23  2:20  Command Center  
  24  2:25  Hellion  
  26  2:32  Supply Depot  Start putting 1+2 SCVs back on gas after 16/16 mineral saturation
  31  3:03  Starport  
  32  3:10  Barracks Reactor  
  32  3:08  Factory Tech Lab  
  34  3:33  Orbital Command  
  34  3:38  Barracks x2  
  34  3:41  Siege Tank  
  36  4:00  Marine x2  
  39  4:02  Liberator  
  39  4:09  Supply Depot  
  47  4:28  Barracks Tech Lab x2  
  49  4:31  Refinery  
  49  4:35  Engineering Bay  
  53  4:46  Stimpack  
  54  4:55  Combat Shield  
  57  5:02  Starport Reactor  
  60  5:14  Refinery  
  59  5:13  Supply Depot  
  62  5:27  Terran Infantry Weapons Level 1  
  62  5:35  Marauder x2  
  67  5:41  Medivac  
  78  5:58  Medivac  
  92  6:26  Concussive Shells  
  92  6:30  Marauder  
  107  6:55  Command Center  
  117  7:51  Barracks x2  
Spawning Tool Build Advisor. Get it on Overwolf

Go to:

Details

  • Created by: nullvalue
  • Published on: Dec 29, 2023
  • Modified on: Dec 30, 2023
  • Patch: 5.0.11
  • Difficulty: Medium
Show
View Real Time Build Order
Export as new Build Order

Comments (0)

There are no comments. Be the first!

Create an account to comment!